 Dungeon Crawl Stone Soup version 0.30-a0-576-g89cddaab80 (webtiles) character file.

Game seed: 7741453908615145841

2 Shayle the Conjurer (level 1, 0/9 (12) HPs)
             Began as a Tengu Reaver on Dec 30, 2022.
             Slain by a goblin
             ... wielding a +0 club
              (2 damage)
             ... on level 1 of the Dungeon.
             The game lasted 00:00:25 (29 turns).

Shayle the Conjurer (Tengu Reaver)                    Turns: 29, Time: 00:00:26

HP:   0/9 (12)      AC:  3    Str: 12    XL:     1   Next: 40%
MP:   3/4           EV: 11    Int: 13    God:
Gold: 22            SH:  0    Dex: 12    Spells: 3/4 levels left

rFire   . . .      SeeInvis .    a - +0 short sword
rCold   . . .      Faith    .    (no shield)
rNeg    . . .      Spirit   .    b - +0 leather armour
rPois   .          Reflect  .    (helmet restricted)
rElec   .          Harm     .    (no cloak)
rCorr   .          Rampage  .    (no gloves)
Will    .....                    (boots unavailable)
Stlth   +                        (no amulet)
HPRegen 0.21/turn                (no ring)
MPRegen 0.09/turn                (no ring)

@: very heavily drained
A: beak, talons 3
a: no special abilities


You were on level 1 of the Dungeon.
You visited 1 branch of the dungeon, and saw 1 of its levels.

You collected 22 gold pieces.

Inventory:

Hand Weapons
 a - a +0 short sword (weapon)
Armour
 b - a +0 leather armour (worn)


   Skills:
 + Level 2.0 Fighting
 - Level 3.2 Short Blades
 + Level 2.2 Dodging
 + Level 0.1 Stealth
 - Level 2.0 Spellcasting
 - Level 4.0 Conjurations
 + Level 0.1 Necromancy
 + Level 0.0 Earth Magic


You had 3 spell levels left.
You knew the following spells:

 Your Spells              Type           Power      Damage    Failure   Level
a - Kiss of Death         Conj/Necr      24%        2d7       14%         1

Your spell library contained the following spells:

 Spells                   Type           Power      Damage    Failure   Level
 Momentum Strike          Conj/Tloc      12%        3d8       22%         2
 Hailstorm                Conj/Ice       6%         3d4       38%         3


Dungeon Overview and Level Annotations

Branches:
Dungeon (1/15)

Altars:


Innate Abilities, Weirdness & Mutations

You have a beak for a mouth.
You have claws for feet.


Message History

The kobold barely misses you.
You barely miss the kobold. The giant cockroach barely misses you.
You hit the kobold.
You kill the kobold!
The giant cockroach barely misses you.
You barely miss the ball python. You peck the ball python.
You kill the ball python!
The giant cockroach bites you but does no damage.
The goblin hits you with a +0 club. The giant cockroach bites you.
Things that are here:
a +0 short sword; a kobold corpse You hit the goblin.
Your kick misses the goblin.
The goblin is moderately wounded.
The goblin hits you with a +0 club. The giant cockroach bites you.
You barely miss the goblin. Your peck misses the goblin.
The goblin is moderately wounded.
The giant cockroach bites you.
* * * LOW HITPOINT WARNING * * *
The goblin barely misses you. The kobold misses you.
You aren't carrying any potions.
Unknown command.
Casting: Kiss of Death (safe; 14% risk of failure)
Confirm with . or Enter, or press ? or * to list all spells.
Aiming: Kiss of Death (safe; 14% risk of failure)
Press: ? - help, Shift-Dir - straight line, f - kobold
Aim: a kobold, wielding a +1 whip of pain (100% to hit)
The negative energy hits the kobold!
The kobold is drained!
You kill the kobold!
You feel drained.
The giant cockroach bites you but does no damage.
The goblin hits you with a +0 club.
* * * LOW HITPOINT WARNING * * *
You barely miss the goblin. Your peck misses the goblin.
The goblin is moderately wounded.
The giant cockroach bites you but does no damage.
The goblin barely misses you.
You closely miss the goblin. Your kick misses the goblin.
The goblin is moderately wounded.
The giant cockroach barely misses you. The goblin hits you with a +0 club.
You die...

###########
####.........####
##...............#
+......⌠...⌠......
##...⌠.........⌠... #
#.........≈........
#..#...⌠...........⌠..
#..g@....≈.....≈.....
#.#.)B⌠...........⌠..
#.........≈........
##(..⌠.........⌠...
#.......⌠...⌠......
..##...............#
..# ####.........####
.. ###########


You could see a giant cockroach and a goblin.

Vanquished Creatures
  A ball python (D:1)
  2 kobolds (D:1)
3 creatures vanquished.

Notes
Turn   | Place    | Note
-------+----------+-------------------------------------------
     0 | D:1      | Shayle the Tengu Reaver began the quest for the Orb.
     0 | D:1      | Reached XP level 1. HP: 12/12 MP: 4/4
    29 | D:1      | Slain by a goblin

Illustrated notes

Levels and vault maps discovered:
D:1:      dpeg_arrival_stone_temple_mockup, layout_loops_ring, serial_shops,
          shop

Action                   || total
-------------------------++-------
Melee: Short sword       ||     7
       Peck              ||     1
 Cast: Kiss of Death     ||     1
Armor: Leather armour    ||     3
Dodge: Dodged            ||     7

Table legend: (Time is in decaauts)
 A = Elapsed time spent in this place.
 B = Non-inter-level travel time spent in this place.
 C = Inter-level travel time spent in this place.
 D = Time resting spent in this place.
 E = Time spent auto-exploring this place.
 F = Levels seen in this place.
 G = Mean time per level.
                   A        B        C        D        E       F      G
               +--------+--------+--------+--------+--------+-----+--------+
         Total |     28 |     28 |      0 |      0 |     15 |   1 |   28.0 |
       Dungeon |     28 |     28 |      0 |      0 |     15 |   1 |   28.0 |
               +--------+--------+--------+--------+--------+-----+--------+

Top non-repeatable levels by time:
     D:1: 28 daAuts
